 Dungeon Crawl Stone Soup version 0.30.0-10-gfe55d96785 (webtiles) character file.

Game seed: 12783053613623582250

105 Jarnaxa the Trooper (level 4, 0/37 HPs)
             Began as a Demonspawn Monk on May 14, 2023.
             Was a Priest of Lugonu.
             Slain by a steam dragon (3 damage)
             ... on level 3 of the Dungeon.
             The game lasted 00:03:53 (2275 turns).

Jarnaxa the Trooper (Demonspawn Monk)               Turns: 2275, Time: 00:03:54

Health: 0/37       AC:  6    Str: 14    XL:     4   Next: 53%
Magic:  4/4        EV: 11    Int: 11    God:    Lugonu [***...]
Gold:   129        SH:  0    Dex: 15    Spells: 3/3 levels left

rFire   . . .        a - +0 mace
rCold   . . .        d - orb {light}
rNeg    . . .        i - +0 ring mail
rPois   +            (no helmet)
rElec   .            (no cloak)
rCorr   .            (no gloves)
SInv    .            j - +0 pair of boots
Will    .....        (no amulet)
Stlth   +            g - ring of poison resistance
HPRegen 0.26/turn    (no ring)
MPRegen 0.09/turn

%: no passive effects
@: glowing
A: demonic touch 1
a: Renounce Religion, Depart the Abyss, Banish


You were on level 3 of the Dungeon.
You worshipped Lugonu.
Lugonu was most pleased with you.
You visited 1 branch of the dungeon, and saw 3 of its levels.

You collected 129 gold pieces.

Inventory:

Hand Weapons
 a - a +0 mace (weapon)
Armour
 d - an orb of light (worn)
 i - a +0 ring mail (worn)
 j - a +0 pair of boots (worn)
Jewellery
 g - a ring of poison resistance (left hand)
Scrolls
 h - a scroll of identify {unknown}
 k - a scroll of vulnerability {unknown}
Potions
 b - a potion of attraction {unknown}
 c - a potion of ambrosia
 e - a potion of mutation {unknown}
 f - a potion of brilliance {unknown}
 l - a potion of cancellation {unknown}
 m - a potion of curing {unknown}


   Skills:
 + Level 3.8 Fighting
 + Level 3.6 Maces & Flails
 + Level 0.3 Armour
 + Level 3.4 Dodging
 + Level 0.4 Stealth


You had 3 spell levels left.
You didn't know any spells.
Your spell library was empty.

Dungeon Overview and Level Annotations

Branches:
Dungeon (3/15)

Altars:
Lugonu


Innate Abilities, Weirdness & Mutations

Your touch may inflict minor irresistible damage on your foes.


Message History

You kill the giant cockroach!
Lugonu accepts your kill.
HP restored.
Found a stone staircase leading down.
A steam dragon comes into view.
The steam dragon hisses angrily.
Found 10 gold pieces.
You see here a green potion.
A steam dragon is nearby!
A goblin comes into view. It is wielding a +0 club.
The goblin shouts!
The goblin moves out of view.
Found 6 stones.
You start waiting.
A goblin is nearby!
You hit the goblin but do no damage. The steam dragon breathes steam at you.
The ball of steam hits the goblin!!
The goblin dies!
The ball of steam hits you!
You are engulfed in a cloud of scalding steam.
The steam dragon bites you but does no damage.
The steam dragon claws you but does no damage.
You see here a +0 club.
The steam dragon breathes steam at you. The ball of steam hits you!
You hit the steam dragon.
The steam dragon is lightly wounded.
You are engulfed in a cloud of scalding steam.
* * * LOW HITPOINT WARNING * * *
The steam dragon misses you. x2
The steam dragon barely misses you.
The steam dragon claws you but does no damage.
Okay, then.
You hit the steam dragon but do no damage.
The steam dragon is lightly wounded.
The steam dragon bites you!
* * * LOW HITPOINT WARNING * * *
The steam dragon closely misses you. The steam dragon bites you.
You die...

..............
................
................
........>......
..........D...
....#..D.....
#...........#
#########.###.......#
#...@(.#....!.......#
#.#.D.........#...##
#)#.......#.#.....
#ยง#.#...#.#.#.# ##
#.#.#.#$#.#.#.# #.
#.#.#.#.#.#.#.# #.
#.#.#...#.#.#.# #.
#.#.......#.#.# #.
#...........#.# #.


You could see a steam dragon (catching breath).

Vanquished Creatures
  4 adders
  2 adder skeletons (D:2)
  3 adder zombies (D:2)
  A worm (D:2)
  3 ball pythons (D:2)
  2 bat skeletons (D:2)
  4 endoplasms
  4 giant cockroaches
  5 goblins
  4 hobgoblins (D:1)
  4 quokkas (D:1)
  A ball python zombie (D:2)
  2 bats
  6 frilled lizards
  5 kobolds
  2 rats
52 creatures vanquished.

Vanquished Creatures (others)
  A goblin (D:3)
1 creature vanquished.

Grand Total: 53 creatures vanquished

Notes
Turn   | Place    | Note
-------+----------+-------------------------------------------
     0 | D:1      | Jarnaxa the Demonspawn Monk began the quest for the Orb.
     0 | D:1      | Reached XP level 1. HP: 18/18 MP: 1/1
   383 | D:1      | Gained mutation: Your touch may inflict minor irresistible
                  | damage on your foes. [demonic ancestry]
   383 | D:1      | Reached XP level 2. HP: 24/24 MP: 2/2
   958 | D:2      | Reached XP level 3. HP: 13/29 MP: 3/3
  1387 | D:2      | Found a faded altar of an unknown god.
  1401 | D:2      | Prayed at the altar of an unknown god.
  1401 | D:2      | Became a worshipper of Lugonu the Unformed
  1401 | D:2      | Reached * piety under Lugonu
  1401 | D:2      | Reached ** piety under Lugonu
  1487 | D:2      | Reached *** piety under Lugonu
  1496 | D:2      | Reached XP level 4. HP: 34/37 MP: 4/4
  2253 | D:3      | Noticed a steam dragon
  2275 | D:3      | Slain by a steam dragon

Illustrated notes

Levels and vault maps discovered:
D:1:      grunt_arrival_crossed_arrows, layout_loops_ring,
          dreamdust_princess_corridor
D:2:      layout_loops_ring, ebering_ecumenical_altar_ruins, serial_undead,
          serial_undead_e, serial_undead_c, serial_undead_e, serial_undead_d,
          serial_undead_d, serial_undead_e, serial_undead_a, serial_undead_a,
          serial_undead_e, serial_undead_b, hangedman_decor_clover_reticule,
          lightli_corner_chamber
D:3:      layout_rooms, lemuel_round_altar, nrook_uturn,
          minmay_misc_feat_more_columns, nicolae_kite_square_tiling_tiny,
          saegor_snake_ambush

Skill      XL: |  1  2 |
---------------+-------+-----
Maces & Flails | 3 |  3.6
Dodging        | 3 |  3.4
Fighting       | |  3.8
Armour         | |  0.3
Stealth        | |  0.4

Action                     |  1- 3 |  4- 6 || total
---------------------------+-------+-------++-------
  Melee: Mace              |   101 |    41 ||   142
    Use: Scroll            |     2 |       ||     2
 Armour: Robe              |    14 |       ||    14
         Ring mail         |    11 |    21 ||    32
  Dodge: Dodged            |    66 |    15 ||    81
